 Dungeon Crawl Stone Soup version 0.30.1-11-g7821555f0a (webtiles) character file.

Game seed: 6115329081147875772

5860 Destapler the Trooper (level 10, -12/102 HPs)
             Began as a Troll Berserker on Dec 6, 2023.
             Was a High Priest of Trog.
             Mangled by a freezing wraith (23 damage)
             ... on level 9 of the Dungeon on Dec 9, 2023.
             The game lasted 00:30:26 (6980 turns).

Destapler the Trooper (Troll Berserker)             Turns: 6980, Time: 00:30:27

Health: -12/102    AC:  9    Str: 35    XL:     10   Next: 52%
Magic:  9/9        EV: 12    Int:  5    God:    Trog [*****.]
Gold:   285        SH:  0    Dex: 14    Spells: 9/9 levels left

rFire   . . .        a - +7 falchion of Upheaval {heavy, rPois rCorr Dex-2}
rCold   . . .        (no shield)
rNeg    + + .        J - +1 robe {Archmagi}
rPois   +            (helmet restricted)
rElec   .            z - +3 cloak of Disguise {rN++}
rCorr   +            (gloves unavailable)
SInv    +            (boots unavailable)
Will    .....        n - amulet "Goneac" {Regen+ Dex+7}
Stlth   +            g - ring of see invisible
HPRegen 1.97/turn    H - +6 ring of strength
MPRegen 0.11/turn

%: archmagi
@: mighty, slowed, very slow
A: large, unfitting armour, claws 3, regeneration 1, shaggy fur 1, tough skin 1
a: Renounce Religion, Berserk, Trog's Hand, Brothers in Arms


You were on level 9 of the Dungeon.
You worshipped Trog.
Trog was extremely pleased with you.
You visited 1 branch of the dungeon, and saw 9 of its levels.
You also visited: Sewer and Ossuary.

You collected 522 gold pieces.
You spent 237 gold pieces at shops.

Inventory:

Hand Weapons
 a - the +7 falchion of Upheaval (weapon) {heavy, rPois rCorr Dex-2}
   (You found it on level 2 of the Dungeon)

   Dex:       It affects your dexterity (-2).
   rPois:     It protects you from poison.
   rCorr:     It protects you from acid and corrosion.
 C - a +2 whip of distortion
Missiles
 D - 2 curare-tipped darts
 E - 34 poisoned darts
 F - 7 boomerangs (quivered)
Armour
 z - the +3 cloak of Disguise (worn) {rN++}
   (You bought it in a shop on level 3 of the Dungeon)

   rN:        It greatly protects you from negative energy.
 J - a +1 robe of the Archmagi (worn)
Jewellery
 g - a ring of see invisible (left claw)
 n - the amulet "Goneac" (around neck) {Regen+ Dex+7}
   (You found it on level 2 of the Dungeon)

   [amulet of regeneration]

   Dex:       It affects your dexterity (+7).
   Regen:     It increases your rate of health regeneration.
 o - a ring of fire
 H - a +6 ring of strength (right claw)
Wands
 w - a wand of iceblast (26)
 A - a wand of flame (28)
 G - a wand of polymorph (10)
 I - a wand of digging (10)
Scrolls
 i - a scroll of fear
 k - 4 scrolls of enchant weapon
 l - 2 scrolls of identify
 m - 2 scrolls of blinking
 u - a scroll of magic mapping
 y - 4 scrolls of teleportation
Potions
 b - 2 potions of resistance {unknown}
 c - a potion of invisibility {unknown}
 d - a potion of magic {unknown}
 e - 6 potions of heal wounds
 f - 4 potions of berserk rage {unknown}
 h - 5 potions of curing {unknown}
 j - 2 potions of haste {unknown}
 q - 5 potions of mutation
 r - a potion of cancellation {unknown}
 s - 4 potions of might
 t - 3 potions of brilliance {unknown}
 v - 3 potions of flight {unknown}
 x - 2 potions of ambrosia {unknown}


   Skills:
 + Level 7.1 Fighting
 * Level 5.8 Long Blades
 + Level 4.2 Throwing
 - Level 3.0 Armour
 - Level 6.0 Dodging
 - Level 7.0 Unarmed Combat
 - Level 3.0 Evocations


You had 9 spell levels left.
You didn't know any spells.
Your spell library contained the following spells:

 Spells                   Type           Power      Damage    Failure   Level
 Static Discharge         Conj/Air       0%         2-2/arc   63%         2
 Inner Flame              Hex/Fire       0%         N/A       85%         3
 Airstrike                Air            0%         2d(0-16)  99%         4
 Anguish                  Hex/Necr       0%         N/A       99%         4
 Cause Fear               Hex            0%         N/A       99%         4
 Flame Wave               Conj/Fire      0%         2d4       99%         4
 Sticky Flame             Conj/Fire      0%         2d3       99%         4
 Summon Lightning Spire   Summ/Air       0%         N/A       99%         4
 Enfeeble                 Hex            0%         N/A       100%        7


Dungeon Overview and Level Annotations

Branches:
Dungeon (9/15)             Temple (0/1) D:5            Lair (0/5) D:8
  Sewer (visited)         Ossuary (visited)
    Orc: D:9-12

Altars:

Shops:
D:3 [   D:8 *

Portals:
Abyss: D:6

Annotations:
D:6 2 transporters, Iscariot's ghost, novice MiFi
D:9 exclusion: obsidian statue


Innate Abilities, Weirdness & Mutations

You are too large for most types of armour.
You have claws for hands.
Your natural rate of healing is unusually fast.
You are covered in fur. (AC +1)
You have tough skin. (AC +1)


Message History

Trog accepts your kill.
You closely miss the freezing wraith. The freezing wraith hits you.
The freezing wraith freezes you! The freezing wraith barely misses you.
You slash the freezing wraith!
The freezing wraith is moderately damaged.
The freezing wraith hits you. The freezing wraith freezes you!
The freezing wraith misses you. The freezing wraith hits you!
The freezing wraith freezes you!
The freezing wraith completely misses you.
You hit the freezing wraith.
The freezing wraith is moderately damaged.
The freezing wraith closely misses you. The freezing wraith hits you!
* * * LOW HITPOINT WARNING * * *
The freezing wraith drains your vigour!
You feel yourself slow down.
Unknown command.
The freezing wraith attacks as you move away!
The freezing wraith hits you.
* * * LOW HITPOINT WARNING * * *
The freezing wraith freezes you!
* * * LOW HITPOINT WARNING * * *
The freezing wraith hits you!
* * * LOW HITPOINT WARNING * * *
The freezing wraith drains your vigour!
You feel as though you will be slow longer.
The freezing wraith hits you.
* * * LOW HITPOINT WARNING * * *
The freezing wraith freezes you!
* * * LOW HITPOINT WARNING * * *
The freezing wraith hits you!
* * * LOW HITPOINT WARNING * * *
You feel much better. The freezing wraith hits you.
* * * LOW HITPOINT WARNING * * *
The freezing wraith freezes you!
* * * LOW HITPOINT WARNING * * *
The freezing wraith completely misses you.
You feel very mighty all of a sudden. The freezing wraith hits you!
* * * LOW HITPOINT WARNING * * *
The freezing wraith freezes you!!
You die...

##.......##.. .....#
.'.......# .. .....
##.......# #.. #...#
#.......# #..##...#.#
##.......###...#...#.#
...........#...... #.#
# ...........# #.5W#
#.#.# ...........# #W#
#.#.# ...........##
#@###...#
............#
#..#..#######.
............##
###..>........
#####...<....#
###..######
#####........# #.....#
....#........# #.###.#
....#........# #.# $#
....†#'#############.#
.#
.....#.#.............#
.#


You could see 2 freezing wraiths and a white imp.

Vanquished Creatures
  A great orb of eyes (D:9)
  Pikel (D:8)
  A komodo dragon (D:8)
  The ghost of blanketernal the Twirler, an amateur MiGl of Okawaru (D:4)
  A hornet (D:9)
  Sigmund (D:2)
  2 wyverns
  A steam dragon (D:8)
  2 orc warriors
  2 sky beasts (D:6)
  5 ogres
  2 kobold brigands
  3 bullfrogs
  5 scorpions
  A water moccasin zombie (Ossuary)
  13 wights
  9 killer bees (D:9)
  A howler monkey (D:5)
  2 bullfrog zombies (Ossuary)
  A hound (D:6)
  A jelly (Sewer)
  2 orc priests
  Crazy Yiuf (D:5)
  A gnoll bouda (D:6)
  A sleepcap (D:5)
  Ijyb (D:5)
  An iguana (D:6)
  8 orc wizards
  3 scorpion zombies (Ossuary)
  Robin (D:2)
  8 gnolls
  3 adders
  3 river rats (Sewer)
  2 shadow imps
  2 white imps (D:9)
  5 adder zombies (Ossuary)
  A worm (D:2)
  3 dart slugs
  33 orcs
  13 endoplasms
  9 giant cockroaches
  16 goblins
  9 hobgoblins
  9 jackals
  7 quokkas
  14 ball pythons
  5 bats
  6 frilled lizards
  3 gnoll zombies (Ossuary)
  5 goblin zombies (Ossuary)
  3 hobgoblin zombies (Ossuary)
  18 kobolds
  5 orc zombies (Ossuary)
  3 rats
  2 rat zombies (D:4)
262 creatures vanquished.

Notes
Turn   | Place    | Note
-------+----------+-------------------------------------------
     0 | D:1      | Destapler the Troll Berserker began the quest for the Orb.
     0 | D:1      | Reached XP level 1. HP: 22/22 MP: 0/0
    58 | D:1      | Reached XP level 2. HP: 28/29 MP: 1/1
   286 | D:1      | Reached XP level 3. HP: 36/36 MP: 2/2
   328 | D:1      | Found a faded altar of an unknown god.
   510 | D:1      | Reached ** piety under Trog
   800 | D:2      | Identified the amulet "Goneac" {Regen+ Dex+7}
   930 | D:2      | Noticed Sigmund
   947 | D:3      | Found Zibion's Antique Armour Emporium.
   977 | D:3      | Reached XP level 4. HP: 45/45 MP: 3/3
  1063 | D:3      | Found a glowing drain.
  1074 | Sewer    | Entered a sewer
  1131 | Sewer    | Reached *** piety under Trog
  1211 | Sewer    | Reached XP level 5. HP: 53/53 MP: 4/4
  1218 | Sewer    | Found a viscous altar of Jiyva.
  1894 | D:4      | Found a sand-covered staircase.
  1906 | Ossuary  | Entered an ossuary
  1930 | Ossuary  | Reached **** piety under Trog
  2007 | Ossuary  | Reached XP level 6. HP: 61/62 MP: 5/5
  2051 | Ossuary  | Reached skill level 5 in Unarmed Combat
  2083 | Ossuary  | Reached XP level 7. HP: 70/70 MP: 6/6
  2083 | Ossuary  | Noticed a silent spectre
  2602 | D:2      | Identified the +7 falchion of Upheaval {heavy, rPois rCorr
                  | Dex-2}
  2632 | D:2      | Noticed Robin
  2680 | D:2      | Killed Robin
  2741 | D:2      | Killed Sigmund
  3366 | D:3      | Bought a shimmering cloak for 237 gold pieces
  3366 | D:3      | Identified the +3 cloak of Disguise {rN++} (You bought it
                  | in a shop on level 3 of the Dungeon)
  3445 | D:5      | Entered Level 5 of the Dungeon
  3512 | D:5      | Reached skill level 5 in Fighting
  3512 | D:5      | Reached skill level 5 in Dodging
  3512 | D:5      | Reached XP level 8. HP: 29/80 MP: 7/7
  3813 | D:5      | Found a staircase to the Ecumenical Temple.
  3842 | D:5      | Noticed Ijyb
  3847 | D:5      | Killed Ijyb
  3998 | D:5      | Found a runed translucent door.
  3999 | D:5      | Noticed Crazy Yiuf
  4088 | D:5      | Killed Crazy Yiuf
  4295 | D:4      | Found a runed translucent gate.
  4295 | D:4      | Found a runed translucent gate.
  4295 | D:4      | Noticed blanketernal's ghost (amateur MiGl)
  4296 | D:4      | Found a runed translucent gate.
  4320 | D:4      | Killed blanketernal's ghost
  4321 | D:4      | Reached skill level 1 in Evocations
  4324 | D:4      | Reached skill level 1 in Armour
  4825 | D:6      | Reached skill level 1 in Long Blades
  4859 | D:6      | Reached XP level 9. HP: 76/88 MP: 8/8
  4861 | D:6      | Reached skill level 1 in Throwing
  4959 | D:6      | Reached ***** piety under Trog
  5030 | D:6      | Found a transporter.
  5035 | D:6      | Found a transporter.
  5045 | D:6      | Noticed an ancient zyme
  5405 | D:6      | Noticed Iscariot's ghost (novice MiFi)
  5414 | D:6      | Found a one-way gate to the infinite horrors of the Abyss.
  6165 | D:8      | Found Xousiukki's Neck Hole.
  6175 | D:8      | Noticed Pikel
  6183 | D:8      | Killed Pikel
  6334 | D:8      | Received a gift from Trog
  6335 | D:8      | Reached XP level 10. HP: 57/100 MP: 9/9
  6477 | D:8      | Found a staircase to the Lair.
  6759 | D:9      | Paralysed by a hornet for 3 turns
  6790 | D:9      | Reached skill level 5 in Long Blades
  6810 | D:9      | Noticed an obsidian statue
  6817 | D:9      | Noticed a boulder beetle
  6818 | D:9      | a boulder beetle changed into a great orb of eyes
  6818 | D:9      | Noticed a great orb of eyes
  6838 | D:9      | Killed a great orb of eyes
  6978 | D:9      | HP: 5/102 [freezing wraith (10)]
  6980 | D:9      | Mangled by a freezing wraith

Illustrated notes

Levels and vault maps discovered:
D:1:      lemuel_arrival_hallway, layout_loops_ring, basic_ecumenical_altar,
          minmay_misc_feat_pillars
D:2:      layout_loops_ring, serial_bayou_pond_b, uniq_sigmund, uniq_robin
D:3:      layout_loops_ring, portal_sewer_entry_f, serial_shops, shop,
          amethyst_killhole
D:4:      layout_loops_ring, gammafunk_ghost_nasty_kobolds, enter_ossuary_4,
          nrook_uturn
D:5:      layout_loops_ring, temple_pool_b, hangedman_abyss_or_decor_stabs,
          uniq_crazy_yiuf_cottage, uniq_ijyb
D:6:      layout_loops_ring, gammafunk_ghost_abyssal_escape
D:7:      layout_rooms, lightli_orcish_oven
D:8:      layout_layer_cave, david_lair_shrubbed,
          nicolae_shop_sticking_my_neck_out, uniq_pikel
D:9:      layout_basic, serial_shops, nicolae_shop_just_a_little_nook,
          minivault_16, hellmonk_guarded_unrand_frostbite

Skill      XL: |  1  2  3  4  5  6  7  8  9 10 |
---------------+-------------------------------+-----
Fighting       | 3 4 5 6 7 |  7.1
Dodging        | 3 4 5 6 |  6.0
Unarmed Combat | 4 5 6 7 |  7.0
Evocations     | 1 3 |  3.0
Armour         | 1 3 |  3.0
Long Blades    | 1 4 5 |  5.8
Throwing       | 2 4 |  4.2

Action                     |  1- 3 |  4- 6 |  7- 9 | 10-12 || total
---------------------------+-------+-------+-------+-------++-------
  Melee: Unarmed           |    84 |   210 |   149 |       ||   443
         Punch             |       |     5 |     9 |     2 ||    16
         Falchion          |       |       |   147 |   123 ||   270
  Throw: Boomerang         |       |       |     8 |       ||     8
 Invoke: Trog's Hand       |       |       |     2 |     1 ||     3
         Berserk           |       |       |     2 |     2 ||     4
  Evoke: Wand              |       |       |       |     3 ||     3
    Use: Scroll            |     2 |       |    12 |     1 ||    15
         Potion            |       |       |       |     2 ||     2
   Stab: Sleeping          |     1 |     3 |       |       ||     4
         Distracted        |       |       |     1 |       ||     1
 Armour: Animal skin       |    22 |    60 |   127 |       ||   209
         Robe              |       |       |     2 |    80 ||    82
  Dodge: Dodged            |    46 |   102 |   241 |   166 ||   555
